 Dungeon Crawl Stone Soup version 0.21-a0-442-g848f44b (webtiles) character file.

509 Gildeon the Chopper (level 6, -1/57 HPs)
             Began as a Minotaur Fighter on Nov 16, 2017.
             Was a Follower of Kikubaaqudgha.
             Slain by an orc warrior
             ... wielding a +0 dire flail
              (25 damage)
             ... on level 6 of the Dungeon.
             The game lasted 00:17:11 (3539 turns).

Gildeon the Chopper (Minotaur Fighter)              Turns: 3539, Time: 00:17:12

Health: -1/57      AC:  6    Str: 23    XL:     6   Next: 98%
Magic:  5/5        EV:  8    Int:  5    God:    Kikubaaqudgha [*.....]
Gold:   408        SH: 11    Dex:  9    Spells: 4/5 levels left

rFire    . . .     SeeInvis .   a - +1 war axe
rCold    . . .     Gourm    .   c - +0 shield
rNeg     . . .     Faith    .   h - +0 ring mail
rPois    .         Spirit   .   (helmet restricted)
rElec    .         Reflect  +   (no cloak)
rCorr    .         Harm     .   n - +0 pair of gloves
MR       .....                  (no boots)
Stlth    ..........             g - +2 amulet of reflection
HPRegen  0.19/turn              (no ring)
MPRegen  0.09/turn              (no ring)

@: no status effects
A: retaliatory headbutt, horns 2
a: Receive Corpses, Renounce Religion


You were on level 6 of the Dungeon.
You worshipped Kikubaaqudgha.
Kikubaaqudgha was aware of your devotion.
You were not hungry.

You visited 1 branch of the dungeon, and saw 6 of its levels.

You collected 408 gold pieces.

Inventory:

Hand Weapons
 a - a +1 war axe (weapon)
Missiles
 p - a throwing net (quivered)
 y - 8 javelins
 A - 3 tomahawks
Armour
 b - a +1 scale mail
 c - a +0 shield (worn)
 h - a +0 ring mail (worn)
 i - a +0 chain mail
 n - a +0 pair of gloves (worn)
Jewellery
 g - a +2 amulet of reflection (around neck)
 o - an uncursed amulet of magic regeneration {unknown}
Wands
 d - a wand of disintegration (7/24)
Scrolls
 q - 2 scrolls of remove curse
 s - 3 scrolls of recharging
 t - a scroll of teleportation
Potions
 e - 2 potions of agility
 k - 2 potions of magic
 l - 2 potions of heal wounds {unknown}
 r - 5 potions of curing {unknown}
 v - 2 potions of lignification {unknown}
 w - 2 potions of invisibility {unknown}
 z - a potion of degeneration {unknown}
 B - a potion of resistance {unknown}
Books
 x - Kikubaaqudgha's Papyrus of Evil Rituals
   (Kikubaaqudgha gifted it to you on level 3 of the Dungeon)

   Spells                             Type                      Level
   a - Animate Skeleton               Necromancy                   1
   b - Corpse Rot                     Necromancy                   2
   c - Sublimation of Blood           Necromancy                   2
   d - Regeneration                   Charms/Necromancy            3
   e - Control Undead                 Necromancy                   4
Comestibles
 f - a bread ration
 j - 2 royal jellies
 m - 17 fruits
 u - 4 meat rations


   Skills:
 - Level 6.1 Fighting
 + Level 7.7 Axes
 - Level 3.6 Armour
 - Level 3.6 Shields


You had 4 spell levels left.
You knew the following spells:

 Your Spells              Type           Power        Failure   Level  Hunger
a - Animate Skeleton      Necr           N/A          98%         1    ##.....


Dungeon Overview and Level Annotations

Branches:
Dungeon (6/15)
 Temple: D:4-7

Altars:
Ashenzari
Fedhas
Kikubaaqudgha
Ru
Wu Jian


Innate Abilities, Weirdness & Mutations

You reflexively headbutt those who attack you in melee.
You have a pair of horns on your head.


Message History

The orc warrior is lightly wounded.
You block the orc warrior's attack.
You hit the orc warrior but do no damage.
The orc warrior is lightly wounded.
The orc warrior hits you with a dire flail!
You hear a shout!
The orc shouts!
You hit the orc warrior but do no damage.
Your headbutt misses the orc warrior.
The orc warrior is lightly wounded.
The orc warrior hits you with a dire flail!
You hit the orc warrior. You headbutt the orc warrior!
The orc warrior is heavily wounded.
You block the orc warrior's attack.
An orc comes into view. It is wielding a flail.
You closely miss the orc warrior. You headbutt the orc warrior!
The orc warrior is almost dead.
The orc warrior hits you with a dire flail!!
You die...
Kikubaaqudgha rasps: "You have failed me!
Welcome... death!"

###########
##....##...#
#......'<..#
#..@o..#...#
####o.##..##
#o.##..#
..............#
o.............#
.............##
.............#
..##.######....
# #. ....


You could see an orc warrior and 2 orcs.

Vanquished Creatures
  A sky beast (D:5)
  A howler monkey (D:5)
  A centaur skeleton (D:5)
  A hound (D:5)
  2 orc wizards
  2 worker ants (D:5)
  7 gnolls
  4 adders
  4 oozes
  A worm (D:3)
  2 dart slugs
  2 leopard geckos
  12 orcs
  7 bats
  2 giant cockroaches
  2 goblins
  9 hobgoblins
  11 jackals
  A quokka (D:5)
  6 frilled lizards
  6 kobolds
  4 rats
88 creatures vanquished.

Notes
Turn   | Place    | Note
-------+----------+-------------------------------------------
     0 | D:1      | Gildeon the Minotaur Fighter began the quest for the Orb.
     0 | D:1      | Reached XP level 1. HP: 19/19 MP: 0/0
    19 | D:1      | Reached skill level 3 in Axes
   229 | D:1      | Reached XP level 2. HP: 26/26 MP: 1/1
   429 | D:1      | Reached skill level 4 in Axes
   570 | D:1      | Reached XP level 3. HP: 31/31 MP: 2/2
  1022 | D:2      | Found a blossoming altar of Fedhas.
  1204 | D:2      | Reached skill level 5 in Axes
  1283 | D:2      | Reached XP level 4. HP: 35/39 MP: 3/3
  1313 | D:2      | Found a shattered altar of Ashenzari.
  1361 | D:2      | Found an ancient bone altar of Kikubaaqudgha.
  1373 | D:2      | Became a worshipper of Kikubaaqudgha
  1456 | D:2      | Found an ornate altar of the Wu Jian Council.
  1547 | D:2      | Reached skill level 6 in Axes
  1672 | D:3      | Reached XP level 5. HP: 45/45 MP: 4/4
  1892 | D:3      | Reached * piety under Kikubaaqudgha
  1892 | D:3      | Identified Kikubaaqudgha's Papyrus of Evil Rituals (Kikubaaqudgha gifted it to you on level 3 of the Dungeon)
  1892 | D:3      | Received a gift from Kikubaaqudgha
  1994 | D:3      | Learned a level 1 spell: Animate Skeleton
  2645 | D:5      | Entered Level 5 of the Dungeon
  2776 | D:5      | Noticed a sky beast
  2793 | D:5      | Reached skill level 5 in Fighting
  2793 | D:5      | Reached XP level 6. HP: 55/56 MP: 5/5
  2802 | D:5      | Killed a sky beast
  2879 | D:5      | Reached skill level 7 in Axes
  3479 | D:5      | Found a sacrificial altar of Ru.
  3526 | D:6      | Noticed an orc warrior
  3539 | D:6      | Slain by an orc warrior

Vault maps used:
D:1:      dpeg_arrival_simpleton_b
D:2:      old_standard_altar, fedhas_altar_fruit_tree,
          kiku_gazebo_garden_becter, grunt_decor_one_mirror, grunt_ministairs_4,
          evilmike_ruin_ashenzari
D:3:      first_bread
D:4:      overflow_temple_1_default, minmay_temple_entry_overgrown, bh_chokoban,
          minmay_misc_feat_four_crosses, nicolae_ru_sacrificial_ziggurat
D:5:      marbit_many_paths
D:6:      gammafunk_steamed_eel, uniq_duvessa, uniq_grinder

Skill      XL: |  1  2  3  4  5  6 |
---------------+-------------------+-----
Axes           | 3 4 5 6 7 |  7.7
Fighting       | 5 6 |  6.1
Armour         | |  3.6
Shields        | |  3.6

Action                   |  1- 3 |  4- 6 || total
-------------------------+-------+-------++-------
Melee: War axe           |    79 |   153 ||   232
       Headbutt          |     9 |    22 ||    31
Throw: Throwing net      |       |     1 ||     1
  Use: Scroll            |     6 |     6 ||    12
       Potion            |       |     1 ||     1
  Eat: Chunk             |     1 |     4 ||     5
       Bread ration      |       |     1 ||     1
Armor: Scale mail        |    33 |     6 ||    39
       Chain mail        |       |    24 ||    24
       Ring mail         |       |    30 ||    30
Dodge: Dodged            |    18 |    28 ||    46
Block: Shield            |    51 |    71 ||   122
       Reflection        |     3 |     1 ||     4

Table legend:
 A = Spawn XP
 B = Non-spawn XP
 C = Spawn XP percentage of total XP
 D = Spawn monster count
 E = Non-spawn monster count
 F = Spawn count percentage of total count
 G = Total turns spent on level
                    A         B        C        D         E        F      G
               +---------+---------+-------+---------+---------+-------+---------
         Total |       0 |     728 |   0.0 |       0 |      88 |   0.0 |  3539
               +---------+---------+-------+---------+---------+-------+---------
           D:1 |       0 |      62 |   0.0 |       0 |      25 |   0.0 |   996
           D:2 |       0 |     107 |   0.0 |       0 |      17 |   0.0 |   609
           D:3 |       0 |     139 |   0.0 |       0 |      24 |   0.0 |   974
           D:4 |       0 |      13 |   0.0 |       0 |       1 |   0.0 |    66
           D:5 |       0 |     407 |   0.0 |       0 |      21 |   0.0 |   870
               +---------+---------+-------+---------+---------+-------+---------
